Unix NetHack Version 5.0.0-0 post-release - last build May  4 2026 22:22:43 (774f63e81ad911689b3a0859ea89b322d5daca8d,branch:main).

Game began 2026-05-07 08:47:48, ended 2026-05-07 10:23:23.

182320070181818, lawful female human Valkyrie

                                           ------------
                              -----        |.{.........#
                              |..@|        |..........|#####
                              +..h|        |..........|    #
                              |(.o|        |..........|    # ------------
                               ..h|        |..........|    ##.......`.<.|
                                -f-        -----.------     #|..........|
                                 #              #           #|..........|
                                 #              #           #------------
                                 #              #          ##
                                 @              #         ##
                                 M             ##         #
                                 #       ------|--------- #
                              ---.--     |..............|##
                              |....|     |..............|#
                              |.....##   |..............|#
                              |.<..| ####-...............#
                              ------     ----------------

182320070181818 the Fighter  St:14 Dx:14 Co:17 In:7 Wi:7 Ch:11  Lawful
Dlvl:9  $:9  HP:0(60) Pw:17(17) AC:10 Xp:6 T:4654 

Latest messages:
 You swap places with your housecat.
 The housecat misses the hobgoblin.
 The Elvenqueen shoots 3 elven arrows!
 The 1st elven arrow hits the hobgoblin.
 The hobgoblin is killed!
 The 2nd elven arrow hits the housecat!
 The 3rd elven arrow hits the housecat.
 What do you want to zap? [lpx or ?*] p
 In what direction? 8
 The hobgoblin picks up an elven arrow.
 The Elvenqueen throws an elven dagger!
 The elven dagger hits the hobgoblin!
 The hobgoblin is killed!
 Your housecat eats a hobgoblin corpse.
 What do you want to zap? [lpx or ?*] <space>
 Never mind.
 You see here an elven arrow.
 y - an elven arrow.
 The elf mummy hits!
 You miss the elf mummy.
 The elf mummy hits!
 You miss the elf mummy.
 The elf mummy hits!
 You miss the elf mummy.
 The elf mummy hits!
 You hit the elf mummy!
 The elf mummy hits!
 You miss the elf mummy.
 The elf mummy hits!
 You miss the elf mummy.
 The elf mummy hits!
 The hobgoblin throws an orcish dagger!
 The orcish dagger hits the bugbear.
 You miss the elf mummy.
 The elf mummy hits!
 You miss the elf mummy.
 The elf mummy hits!
 The bugbear picks up an orcish dagger.
 Are you sure you want to pray? [yn] (n) y
 You begin praying to Tyr.
 The elf mummy hits!
 The housecat bites it.
 It misses the housecat.
 The elf mummy hits!
 You die...
 Do you want your possessions identified? [ynq] (y) n
 Do you want to see your attributes? [ynq] (y) n
 Do you want an account of creatures vanquished? [ynaq] (y) n
 Do you want to see your conduct and achievements? [ynq] (y) n
 Do you want to see the dungeon overview? [ynq] (y) n

Inventory:
 Coins    ('$')
  $ - 9 gold pieces
 Weapons  (')')
  y - a +0 elven arrow
  e - a blessed +1 crossbow
  b - a +0 dagger
  q - a blessed +0 orcish dagger
  a - a +1 spear (weapon in right hand)
  v - a +0 bullwhip
 Armor    ('[')
  r - an uncursed +0 orcish helm
  n - an uncursed +1 pair of low boots
  c - an uncursed +3 small shield
  i - an uncursed +0 leather cloak
  g - an uncursed +0 elven mithril-coat
 Comestibles  ('%')
  o - an uncursed tripe ration
 Spellbooks  ('+')
  j - an uncursed spellbook of light
 Potions  ('!')
  m - an uncursed potion of booze
  t - a cursed potion of enlightenment
  s - an uncursed potion of gain ability
  f - an uncursed potion of healing
  d - an uncursed potion of oil
  u - a potion of unholy water
 Wands    ('/')
  p - a wand of opening (0:5)
  x - a wand of opening (0:4)
  l - a wand of teleportation (0:7)
 Tools    ('(')
  h - a bag of tricks (0:19)
  w - an uncursed leash

182320070181818 the Valkyrie's attributes:

Background:
 You were a Fighter, a level 6 human Valkyrie.
 You were lawful, on a mission for Tyr
 who was opposed by Odin (neutral) and Loki (chaotic).
 You were right-handed.
 You were in the Dungeons of Doom, on level 9.
 You entered the dungeon 4654 turns ago.
 You had 411 experience points, 229 more were needed to attain level 7.

Basics:
 You had 0 out of 60 hit points.
 You had all 17 energy points (spell power).
 Your armor class was 10.
 Your wallet contained 9 zorkmids.
 Autopickup was off.

Final Characteristics:
 Your strength was 14 (peak:18/02, limit:18/100).
 Your dexterity was 14 (limit:18).
 Your constitution was 17 (limit:18).
 Your intelligence was 7 (limit:18).
 Your wisdom was 7 (limit:18).
 Your charisma was 11 (limit:18).

Final Status:
 You weren't hungry.
 You were unencumbered.
 You were wielding a spear.
 You had basic skill with spear.
 You weren't wearing any armor.

Final Attributes:
 You were piously aligned.
 You were cold resistant.
 You were stealthy.
 You aggravated monsters.
 You were unlucky.
 You are dead.

Miscellaneous:
 You didn't encounter any bones levels.
 Total elapsed playing time was 1 hour, 34 minutes and 23 seconds.

Major events:
 Turn
    1: 182320070181818 the lawful human Valkyrie entered the dungeon
  789: attained the rank of Skirmisher (level 3)
 4188: attained the rank of Fighter (level 6)
 4654: killed by an elf mummy, while praying

You didn't know any spells.

Skills:
 Fighting Skills
   bare handed combat [Basic]
   two weapon combat  [Unskilled]
   riding             [Unskilled]
 Weapon Skills
   dagger             [Basic]
   axe                [Unskilled]
   pick-axe           [Unskilled]
   short sword        [Unskilled]
   broadsword         [Unskilled]
   long sword         [Unskilled]
   two-handed sword   [Unskilled]
   saber              [Unskilled]
   hammer             [Unskilled]
   quarterstaff       [Unskilled]
   polearms           [Unskilled]
   spear              [Basic]
   trident            [Unskilled]
   lance              [Unskilled]
   sling              [Unskilled]
 Spellcasting Skills
   attack spells      [Unskilled]
   escape spells      [Unskilled]

Voluntary challenges:
 Character rerolling was not enabled.
 You never genocided any monsters.
 You never polymorphed an object.
 You used no wishes.
Achievements:
 You attained the rank of Skirmisher.
 You entered a shop.
 You attained the rank of Fighter.

 The Dungeons of Doom: levels 1 to 9
    Level 1:
    Level 2:
       A fountain.
    Level 3:
       A fountain.
    Level 4:
       Many fountains, a grave.
    Level 5:
    Level 6:
       A fountain.
    Level 7:
       Some shops, a fountain.
    Level 8:
       Many fountains.
    Level 9: <- You were here.
       A throne, a fountain.
       Final resting place for
          you, killed by an elf mummy, while praying.


Vanquished creatures:
 an ice vortex
 an orc mummy
  4 brown puddings
  a lizard
  a rope golem
 an orc shaman
  a yellow light
  a shrieker
  2 straw golems
  2 floating eyes
  a kobold shaman
  5 hill orcs
  a rothe
  a giant bat
 an orc zombie
  a wererat
  a werejackal
  2 iguanas
 an acid blob
  3 coyotes
  2 hobgoblins
  2 cave spiders
  3 yellow molds
  2 garter snakes
  2 gnome zombies
  2 geckos
  8 jackals
  a fox
  a kobold
  a goblin
  6 sewer rats
  4 grid bugs
  4 lichens
  3 kobold zombies
 10 newts
83 creatures vanquished.

No species were genocided or became extinct.

Game over:
                       ----------
                      /          \
                     /    REST    \
                    /      IN      \
                   /     PEACE      \
                  /                  \
                  | 182320070181818  |
                  |       9 Au       |
                  | killed by an elf |
                  |      mummy       |
                  |                  |
                  |                  |
                  |       2026       |
                 *|     *  *  *      | *
        _________)/\\_//(\/(/\)/\//\/|_)_______

Farvel 182320070181818 the Valkyrie...

You died in The Dungeons of Doom on dungeon level 9 with 2073 points,
and 9 pieces of gold, after 4654 moves.
You were level 6 with a maximum of 60 hit points when you died.

